 Dungeon Crawl Stone Soup version 0.21.1-1-g345015f (webtiles) character file.

857 iamserjio the Ogre Mage (level 8, 0/79 HPs)
             Began as an Ogre Fire Elementalist on Apr 7, 2018.
             Was an Initiate of Yredelemnul.
             Slain by a sky beast (5 damage)
             ... on level 5 of the Dungeon.
             The game lasted 00:32:00 (5944 turns).

iamserjio the Ogre Mage (Ogre Fire Elementalist)    Turns: 5944, Time: 00:32:01

Health: 0/79       AC:  4    Str: 13    XL:     8   Next: 2%
Magic:  7/15       EV: 11    Int: 16    God:    Yredelemnul [......]
Gold:   91         SH:  0    Dex: 11    Spells: 9/16 levels left

rFire    . . .     SeeInvis .   k - +3 mace
rCold    . . .     Gourm    .   (no shield)
rNeg     . . .     Faith    .   a - +0 robe
rPois    .         Spirit   .   (helmet restricted)
rElec    .         Reflect  .   v - +0 cloak
rCorr    .         Harm     .   (gloves unavailable)
MR       .....                  (boots unavailable)
Stlth    ++........             (no amulet)
HPRegen  0.23/turn              (no ring)
MPRegen  0.14/turn              (no ring)

@: no status effects
A: large, unfitting armour, tough skin 1
a: Renounce Religion


You were on level 5 of the Dungeon.
You worshipped Yredelemnul.
Yredelemnul was noncommittal.
You were hungry.

You visited 2 branches of the dungeon, and saw 7 of its levels.

You collected 261 gold pieces.
You spent 170 gold pieces at shops.

Inventory:

Hand Weapons
 d - a +2 dagger of electrocution
 g - a +0 dagger
 k - a +3 mace (weapon)
 r - a +0 giant club
 w - a +0 giant club
Armour
 a - a +0 robe (worn)
 t - a +0 leather armour
 v - a +0 cloak (worn)
Jewellery
 u - a +5 ring of intelligence {unknown}
Wands
 m - a wand of polymorph (4)
Scrolls
 e - 4 scrolls of identify {unknown}
 f - 7 scrolls of remove curse
 h - 3 scrolls of fear {unknown}
 i - 11 scrolls of teleportation
 n - 3 scrolls of amnesia
 q - a scroll of enchant weapon {unknown}
Potions
 l - 3 potions of agility {unknown}
 o - a potion of magic {unknown}
 p - a potion of resistance {unknown}
 z - a potion of invisibility {unknown}
Books
 b - a book of Flames

   Spells                             Type                      Level
   a - Flame Tongue                   Conjuration/Fire             1
   b - Throw Flame                    Conjuration/Fire             2
   c - Conjure Flame                  Conjuration/Fire             3
   d - Inner Flame                    Hexes/Fire                   3
   e - Sticky Flame                   Conjuration/Fire             4
   f - Fireball                       Conjuration/Fire             5
 s - a book of Callings

   Spells                             Type                      Level
   a - Summon Small Mammal            Summoning                    1
   b - Call Imp                       Summoning                    2
   c - Call Canine Familiar           Summoning                    3
   d - Summon Guardian Golem          Hexes/Summoning              3
   e - Summon Lightning Spire         Summoning/Air                4
   f - Summon Ice Beast               Ice/Summoning                4
 x - a book of Necromancy

   Spells                             Type                      Level
   a - Pain                           Necromancy                   1
   b - Animate Skeleton               Necromancy                   1
   c - Vampiric Draining              Necromancy                   3
   d - Regeneration                   Charms/Necromancy            3
   e - Animate Dead                   Necromancy                   4
   f - Borgnjor's Vile Clutch         Necromancy/Earth             5
Comestibles
 c - 9 rations
 A - a chunk of flesh


   Skills:
 + Level 4.6 Fighting
 + Level 1.6 Maces & Flails
 + Level 3.7 Dodging
 - Level 1.5 Stealth
 + Level 4.7 Spellcasting
 - Level 2.0 Conjurations
 + Level 2.4 Summonings
 + Level 4.3 Fire Magic
 + Level 0.0 Evocations


You had 9 spell levels left.
You knew the following spells:

 Your Spells              Type           Power        Failure   Level  Hunger
a - Flame Tongue          Conj/Fire      ##...        4%          1    None
b - Conjure Flame         Conj/Fire      ##......     13%         3    ###....
c - Call Canine Familiar  Summ           ##......     17%         3    ###....


Dungeon Overview and Level Annotations

Branches:
Dungeon (6/15)             Temple (1/1) D:4

Altars:
Ashenzari
Cheibriados
Fedhas
Kikubaaqudgha
Okawaru
Qazlal
Ru
Sif Muna
Trog
Uskayaw
Vehumet
Wu Jian
Yredelemnul
The Shining One

Shops:
D:4 ?


Innate Abilities, Weirdness & Mutations

You are too large for most types of armour.
You have tough skin. (AC +1)


Message History

* * * LOW HITPOINT WARNING * * *
Something shocks you.
* * * LOW HITPOINT WARNING * * *
Casting: Flame Tongue
Confirm with . or Enter, or press ? or * to list all spells.
You can't see any susceptible monsters within range! (Use Z to cast anyway.)
Casting: Flame Tongue
Confirm with . or Enter, or press ? or * to list all spells.
You can't see any susceptible monsters within range! (Use Z to cast anyway.)
You miss something.
The crimson imp summons a swarm of flies.
Something hits you.
* * * LOW HITPOINT WARNING * * *
Something shocks you.
* * * LOW HITPOINT WARNING * * *
Something hits you.
* * * LOW HITPOINT WARNING * * *
Something shocks you.
You die...
Your body rises from the dead as a mindless zombie.

#.#####.# #.....#.#
#############.#.# #..
#.............#.# #.#######
#.##########..#.# #.#.#.... #.#
#..§..#..#.# #.#...... #.#
#.###.#..#.# #.#... .##.# #.#
#.#..#.# ###.#.#####.#@#
#.###'#..#.#
##.#..(..<.....#{####.#......#.#
................5≈...)'.>....#.#
##.#.#.......#.#.#.##.#......#.#
.............#.#.#....#......#.#
##..######.###.#.....##......#.#
#.. .......).#.....##......#.#
##. ####.######....####'#..#.# .
#...........# #.#..#.#


You could see a crimson imp.

Vanquished Creatures
  An ice beast (D:5)
  3 ogres
  A centaur (D:5)
  2 bullfrogs (D:4)
  A hound (D:2)
  A centaur skeleton (D:4)
  Ijyb (D:4)
  3 worker ants (D:5)
  3 adders
  5 worms
  2 dart slugs
  4 leopard geckos
  4 orcs
  3 ball pythons
  9 bats
  4 giant cockroaches
  8 hobgoblins
  14 jackals
  10 kobolds
  4 quokkas
  5 frilled lizards
  10 goblins
  7 rats
105 creatures vanquished.

Notes
Turn   | Place    | Note
-------+----------+-------------------------------------------
     0 | D:1      | iamserjio the Ogre Fire Elementalist began the quest for the Orb.
     0 | D:1      | Reached XP level 1. HP: 16/16 MP: 3/3
    44 | D:1      | Reached skill level 1 in Conjurations
   376 | D:1      | Reached XP level 2. HP: 13/24 MP: 5/5
   690 | D:1      | Reached XP level 3. HP: 32/32 MP: 4/7
   830 | D:1      | Reached skill level 1 in Fighting
  1488 | D:2      | Learned a level 3 spell: Conjure Flame
  1495 | D:2      | Found a snail-covered altar of Cheibriados.
  1548 | D:2      | Noticed a moth of wrath
  1551 | D:2      | Found a bloodstained altar of Trog.
  1559 | D:2      | Reached XP level 4. HP: 23/41 MP: 8/8
  2285 | D:2      | Found a hide-covered altar of Uskayaw.
  2521 | D:2      | Reached XP level 5. HP: 18/49 MP: 3/9
  3016 | D:3      | Learned a level 3 spell: Call Canine Familiar
  3447 | D:4      | Noticed Ijyb
  3469 | D:4      | Killed Ijyb
  3569 | D:4      | Noticed an ogre
  3580 | D:4      | Killed an ogre
  3580 | D:4      | Reached skill level 1 in Summonings
  3580 | D:4      | Reached XP level 6. HP: 61/61 MP: 1/11
  3725 | D:4      | Found a deep blue altar of Sif Muna.
  3725 | D:4      | Found a bloodstained altar of Trog.
  3725 | D:4      | Found a radiant altar of Vehumet.
  4276 | D:4      | Reached XP level 7. HP: 68/68 MP: 4/13
  4418 | D:4      | Found Sicec's Magic Scroll Emporium.
  4421 | D:4      | Bought a scroll of teleportation for 33 gold pieces
  4421 | D:4      | Bought a scroll of remove curse for 33 gold pieces
  4421 | D:4      | Bought a scroll of teleportation for 33 gold pieces
  4421 | D:4      | Bought a scroll of amnesia for 38 gold pieces
  4421 | D:4      | Bought a scroll of teleportation for 33 gold pieces
  4653 | D:4      | Found a staircase to the Ecumenical Temple.
  4660 | Temple   | Entered the Ecumenical Temple
  4723 | Temple   | Became a worshipper of Yredelemnul the Dark
  4862 | D:5      | Entered Level 5 of the Dungeon
  4943 | D:5      | Reached skill level 1 in Maces & Flails
  5521 | D:5      | Reached XP level 8. HP: 47/79 MP: 4/15
  5944 | D:5      | Slain by a sky beast

Skill      XL: |  1  2  3  4  5  6  7 |
---------------+----------------------+-----
Conjurations   | 1 2 |  2.0
Dodging        | 2 3 |  3.7
Fighting       | 1 2 3 4 |  4.6
Fire Magic     | 3 4 |  4.3
Spellcasting   | 3 4 |  4.7
Summonings     | 1 2 |  2.4
Maces & Flails | 1 |  1.6
Stealth        | |  1.5

Action                   |  1- 3 |  4- 6 |  7- 9 || total
-------------------------+-------+-------+-------++-------
Melee: Dagger            |    89 |    64 |       ||   153
       Mace              |       |    32 |    56 ||    88
       Unarmed           |       |    16 |       ||    16
 Cast: Flame Tongue      |    26 |    60 |    33 ||   119
       Conjure Flame     |       |     2 |     2 ||     4
       Call Canine Famil |       |       |     5 ||     5
  Use: Potion            |       |       |     3 ||     3
 Stab: Sleeping          |     1 |     2 |     1 ||     4
       Distracted        |       |     1 |       ||     1
  Eat: Chunk             |     2 |     8 |     3 ||    13
       Ration            |       |       |     1 ||     1
Armor: Robe              |    33 |    47 |    17 ||    97
Dodge: Dodged            |    43 |    87 |    39 ||   169
